 Dungeon Crawl Stone Soup version 0.27.1-15-g792fb953b9 (webtiles) character file.

Game seed: 8510677779001311094

53 Araneus the Cudgeller (level 3, 0/43 HPs)
             Began as a Demonspawn Fighter on Nov 20, 2021.
             Slain by a water moccasin (1 damage)
             ... in a sewer.
             The game lasted 00:04:23 (2229 turns).

Araneus the Cudgeller (Demonspawn Fighter)          Turns: 2229, Time: 00:04:24

Health: 0/43       AC: 21    Str: 17    XL:     3   Next: 64%
Magic:  3/3        EV:  2    Int:  9    God:
Gold:   88         SH:  8    Dex: 12    Spells: 2/2 levels left

rFire    + . .     SeeInvis .   a - +0 flail
rCold    + . .     Faith    .   c - +0 kite shield
rNeg     + + +     Spirit   .   (armour currently unavailable)
rPois    +         Reflect  .   (helmet currently unavailable)
rElec    +         Harm     .   (cloak currently unavailable)
rCorr    +         Rampage  .   (gloves currently unavailable)
Will     .....     NoTele   +   (boots currently unavailable)
Stlth    +.........             (no amulet)
HPRegen  0.14/turn              (no ring)
MPRegen  0.08/turn              (no ring)

@: brilliant, tree-form, resistant
A: stationary, stasis, torment immunity, boosted hp, (spiny 1)
a: no special abilities


You were in a sewer.
You were a tree.
You visited 1 branch of the dungeon, and saw 3 of its levels.
You also visited: Sewer.

You collected 88 gold pieces.

Inventory:

Hand Weapons
 a - a +0 flail (weapon)
Armour
 c - a +0 kite shield (worn)
 h - a +0 helmet (melded)
 k - a +0 cloak (melded)
 m - a +0 chain mail (melded)
Scrolls
 f - a scroll of silence {unknown}
 g - 2 scrolls of fear {unknown}
 i - a scroll of identify {unknown}
 l - a scroll of noise {unknown}
 o - a scroll of enchant armour {unknown}
Potions
 b - a potion of brilliance
 d - a potion of might
 j - a potion of resistance


   Skills:
 - Level 3.0 Fighting
 + Level 3.7 Maces & Flails
 - Level 2.6 Armour
 - Level 2.6 Shields


You had 2 spell levels left.
You didn't know any spells.
Your spell library was empty.

Dungeon Overview and Level Annotations

Branches:
Dungeon (3/15)              Sewer (1/1)

Altars:


Innate Abilities, Weirdness & Mutations

You are a tree.
Your roots penetrate the ground, keeping you stationary.
You cannot be teleported.
You are immune to unholy pain and torment.
Your maximum health is greatly increased.
Your equipment is partially melded.
((You are partially covered in sharp spines.))


Message History

You closely miss the water moccasin.
The water moccasin is heavily wounded.
* * * LOW HITPOINT WARNING * * *
You feel very sick.
The water moccasin bites you but does no damage.
The water moccasin is struck by your spines.
The water moccasin bites you but does no damage.
It was a potion of brilliance.
You feel clever all of a sudden.
* * * LOW HITPOINT WARNING * * *
You feel sick.
The water moccasin barely misses you. x2
It was a potion of lignification.
You turn into a tree.
Your +0 cloak melds into your body.
Your +0 helmet melds into your body.
Your +0 chain mail melds into your body.
Your roots penetrate the ground.
* * * LOW HITPOINT WARNING * * *
You feel sick. You block the water moccasin's attack.
It was a potion of resistance.
You feel protected.
* * * LOW HITPOINT WARNING * * *
You feel sick.
The water moccasin bites you but does no damage.
You barely miss the water moccasin.
The water moccasin is heavily wounded.
* * * LOW HITPOINT WARNING * * *
You feel sick. You block the water moccasin's attack.
The water moccasin bites you but does no damage. x2
You closely miss the water moccasin.
The water moccasin is heavily wounded.
* * * LOW HITPOINT WARNING * * *
You feel sick.
The water moccasin bites you but does no damage.
You barely miss the water moccasin.
The water moccasin is heavily wounded.
* * * LOW HITPOINT WARNING * * *
You feel sick.
You are no longer poisoned.
The water moccasin bites you but does no damage.
The water moccasin barely misses you. The water moccasin bites you.
You die...

/[#. .#(#
#≈.≈
##...##
#.≈≈(≈#
...≈(##
#≈.S#
#≈♣##
#.≈.#
##.≈# #.
#≈.# #.≈
#≈.# #≈.#
##..# #.≈≈
#≈..#
#..###..##
#.≈.#...#


You could see a water moccasin.

Vanquished Creatures
  A worm (D:2)
  A dart slug (D:2)
  3 ball pythons (D:2)
  3 endoplasms
  5 giant cockroaches
  2 goblins (D:2)
  A hobgoblin (D:1)
  5 jackals
  4 quokkas (D:3)
  A bat (D:1)
  A frilled lizard (D:2)
  9 kobolds
  8 rats
44 creatures vanquished.

Notes
Turn   | Place    | Note
-------+----------+-------------------------------------------
     0 | D:1      | Araneus the Demonspawn Fighter began the quest for the Orb.
     0 | D:1      | Reached XP level 1. HP: 18/18 MP: 1/1
   391 | D:1      | Gained mutation: You are partially covered in sharp spines.
                  | [demonic ancestry]
   391 | D:1      | Reached XP level 2. HP: 2/24 MP: 2/2
  1241 | D:2      | Found a faded altar of an unknown god.
  1259 | D:2      | Reached XP level 3. HP: 9/29 MP: 3/3
  1925 | D:3      | Found a glowing drain.
  1969 | Sewer    | Entered a sewer
  2211 | Sewer    | Noticed a water moccasin
  2229 | Sewer    | HP: 1/43 [poisoned by a water moccasin]
  2229 | Sewer    | Slain by a water moccasin

Illustrated notes

Levels and vault maps discovered:
D:1:      erik_arrival_orb_chamber, layout_loops_cross,
          chequers_serial_rivers_micro_d
D:2:      layout_loops_ring, shapermc_ecumenical_altar_starsandcircs,
          kennysheep_cross_room
D:3:      layout_basic, jmf_multi_god_temple2, gup_sewer_entry_pipe
Sewer:    sewer_the_moccasin

Skill      XL: |  1  2 |
---------------+-------+-----
Maces & Flails | 2 3 |  3.7
Fighting       | |  3.0
Armour         | |  2.6
Shields        | |  2.6

Action                   || total
-------------------------++-------
Melee: Flail             ||   137
Throw: Dart              ||     3
  Use: Potion            ||     4
Armor: Scale mail        ||    45
       Chain mail        ||    30
       Skin              ||     5
Dodge: Dodged            ||    41
Block: Kite shield       ||    78
